 Dungeon Crawl Stone Soup version 0.31.0-12-g77e489cdc1 (webtiles) character file.

Game seed: 9617780039117797342

1626 hawla the Covered (level 8, -1/70 HPs)
             Began as a Minotaur Fighter on Feb 18, 2024.
             Was a Follower of Yredelemnul.
             Slain by Rubinix's ghost (5 damage)
             ... on level 5 of the Dungeon.
             The game lasted 00:11:11 (4287 turns).

hawla the Covered (Minotaur Fighter)                Turns: 4287, Time: 00:11:11

Health: -1/70      AC: 12    Str: 21    XL:     8   Next: 65%
Magic:  7/7        EV:  7    Int:  5    God:    Yredelemnul [*.....]
Gold:   760        SH:  5    Dex: 12    Spells: 7/7 levels left

rFire   . . .        a - +0 long sword
rCold   . . .        c - +0 buckler
rNeg    . . .        j - +0 plate armour
rPois   .            (helmet restricted)
rElec   .            (no cloak)
rCorr   .            (no gloves)
SInv    .            (no boots)
Will    .....        (no amulet) Stlth
                     (no ring)
HPRegen 0.31/turn    (no ring)
MPRegen 0.10/turn

%: no passive effects
@: mighty
A: horns 2, retaliatory headbutt
a: Renounce Religion, Recall Undead Harvest


You were on level 5 of the Dungeon.
You worshipped Yredelemnul.
Yredelemnul was noncommittal.
You visited 2 branches of the dungeon, and saw 6 of its levels.

You collected 760 gold pieces.

Inventory:

Hand Weapons
 a - a +0 long sword (weapon)
Missiles
 f - a throwing net
 o - 2 curare-tipped darts (quivered)
 q - 5 poisoned darts
Armour
 c - a +0 buckler (worn)
 j - a +0 plate armour (worn)
Jewellery
 n - a ring of resist corrosion
Wands
 i - a wand of charming (4)
 x - a wand of iceblast (5)
Scrolls
 e - 5 scrolls of teleportation
 r - 2 scrolls of enchant armour {unknown}
 v - a scroll of blinking {unknown}
 w - a scroll of identify
Potions
 b - 2 potions of enlightenment {unknown}
 d - a potion of might
 g - 2 potions of ambrosia {unknown}
 h - 3 potions of brilliance {unknown}
 k - 3 potions of heal wounds {unknown}
 l - a potion of lignification {unknown}
 m - 3 potions of curing {unknown}
 p - 2 potions of haste {unknown}
 s - a potion of degeneration {unknown}
 t - a potion of invisibility {unknown}
 u - a potion of attraction {unknown}


   Skills:
 - Level 6.0 Fighting
 - Level 5.0 Long Blades
 + Level 5.3 Throwing
 - Level 6.0 Armour
 - Level 5.0 Dodging
 - Level 5.0 Shields
 - Level 1.0 Invocations
 - Level 3.0 Evocations


You had 7 spell levels left.
You didn't know any spells.
Your spell library was empty.

Dungeon Overview and Level Annotations

Branches:
Dungeon (5/15)             Temple (1/1) D:4

Altars:
Ashenzari
Dithmenos
Elyvilon
Fedhas
Gozag
Hepliaklqana
Kikubaaqudgha
Makhleb
Nemelex Xobeh
Okawaru
Qazlal
Ru
Sif Muna
Trog
Uskayaw
Vehumet
Wu Jian
Xom
Yredelemnul
Zin
The Shining One

Annotations:
D:4 2 transporters, Zeo's ghost, weakling BaHu
D:5 Rubinix's ghost, novice MiFi


Innate Abilities, Weirdness & Mutations

You have a pair of horns on your head.
You reflexively headbutt those who attack you in melee.


Message History

Your orc zombie hits Rubinix's ghost but does no damage.
Pikel closely misses Rubinix's ghost.
Rubinix's ghost hits you!
You hit Rubinix's ghost.
Rubinix's ghost is moderately damaged.
Your orc zombie closely misses Rubinix's ghost.
Rubinix's ghost hits you but does no damage.
Pikel barely misses Rubinix's ghost.
You hit Rubinix's ghost.
Rubinix's ghost is heavily damaged.
Your orc zombie closely misses Rubinix's ghost.
Rubinix's ghost hits you.
Pikel hits Rubinix's ghost but does no damage.
You hit Rubinix's ghost but do no damage.
Your headbutt misses Rubinix's ghost.
Rubinix's ghost is heavily damaged.
Rubinix's ghost hits you.
Your orc zombie closely misses Rubinix's ghost.
Pikel closely misses Rubinix's ghost.
You barely miss Rubinix's ghost.
Rubinix's ghost is heavily damaged.
Rubinix's ghost hits you.
Your orc zombie hits Rubinix's ghost but does no damage.
Pikel hits Rubinix's ghost.
You barely miss Rubinix's ghost.
Rubinix's ghost is heavily damaged.
Rubinix's ghost hits you but does no damage.
Your orc zombie hits Rubinix's ghost but does no damage.
Pikel completely misses Rubinix's ghost.
Rubinix's ghost hits you!
* * * LOW HITPOINT WARNING * * *
You feel very mighty all of a sudden.
Your orc zombie closely misses Rubinix's ghost.
Rubinix's ghost hits you!
* * * LOW HITPOINT WARNING * * *
You slash Rubinix's ghost!
Rubinix's ghost is heavily damaged.
Pikel hits Rubinix's ghost but does no damage.
Rubinix's ghost hits you.
You die...
Your body rises from the dead as a mindless zombie.

##...#.#
#....##⌠##...#..#ZZ....
#.>.#.#
#...##...##.....Z.#.#.#
##.[.#.#
#..##.....##..#.#.#.#.#
....<#.#
#..#⌠.!♣?.⌠#...#...##.#
###..#.#
#..##.....##..........#
#..#.#
#...##...##...#.#.#####
#..#Z#
#....##.##....#.#.# #
#..#Z#
#....)#W#.........# # #
#..#.#
####..@ZZ....###### ##
###..#Z# ##..Z..#.## #Z
.....#Z# ###.....# ###Z
####Z#K# ####### #...
#)ZZZ#Z# #.#.
#)####>#### #.#. #Z#
#Z...# #.## #Z# ####.#
#Z# #Z# #Z# #####.##


You could see Rubinix's ghost (ally target), a friendly iguana zombie, a
friendly orc zombie and the friendly Pikel the kobold zombie.

Vanquished Creatures
  Pikel (D:5)
  Pargi (D:3)
  2 ice beasts (D:5)
  An ogre (D:5)
  A gnoll sergeant (D:5)
  2 scorpions (D:4)
  3 hounds
  2 sleepcaps
  2 iguanas
  15 gnolls
  6 adders
  A white imp (D:5)
  4 dart slugs
  A ribbon worm (D:2)
  5 orcs
  8 endoplasms
  2 giant cockroaches
  10 goblins
  7 hobgoblins
  4 quokkas
  8 ball pythons
  8 bats
  4 frilled lizards
  8 kobolds
  8 rats
114 creatures vanquished.

Vanquished Creatures (collateral kills)
  An adder (D:5)
  2 orcs (D:5)
3 creatures vanquished.

Vanquished Creatures (others)
  Sigmund (D:3)
  2 hound zombies (D:5)
  2 adder zombies (D:5)
  3 gnoll zombies (D:5)
  3 orc zombies (D:5)
11 creatures vanquished.

Grand Total: 128 creatures vanquished

Notes
Turn   | Place    | Note
-------+----------+-------------------------------------------
     0 | D:1      | hawla the Minotaur Fighter began the quest for the Orb.
     0 | D:1      | Reached XP level 1. HP: 19/19 MP: 0/0
    35 | D:1      | Reached skill level 1 in Dodging
   112 | D:1      | Reached XP level 2. HP: 27/27 MP: 1/1
   217 | D:1      | Found a faded altar of an unknown god.
   326 | D:1      | Reached XP level 3. HP: 33/33 MP: 2/2
   706 | D:2      | Found a broken altar of Ashenzari.
   849 | D:2      | Reached XP level 4. HP: 35/40 MP: 3/3
  1170 | D:3      | Noticed Pargi
  1183 | D:3      | Killed Pargi
  1184 | D:3      | Reached skill level 1 in Evocations
  1184 | D:3      | Reached XP level 5. HP: 41/46 MP: 4/4
  1240 | D:3      | Noticed Sigmund
  1270 | D:3      | Your ally Sigmund died
  1271 | D:3      | Reached XP level 6. HP: 31/55 MP: 5/5
  1462 | D:3      | Reached skill level 5 in Fighting
  1730 | D:3      | Reached skill level 5 in Armour
  1730 | D:3      | Reached skill level 5 in Shields
  1869 | D:3      | Found a burning altar of Makhleb.
  2003 | D:4      | Identified a scroll of acquirement
  2004 | D:4      | Acquired 527 gold pieces
  2149 | D:4      | Reached skill level 1 in Throwing
  2315 | D:4      | Reached XP level 7. HP: 41/61 MP: 6/6
  2550 | D:4      | Found a shimmering altar of Xom.
  2619 | D:4      | Reached skill level 5 in Long Blades
  2678 | D:4      | Found a staircase to the Ecumenical Temple.
  2692 | Temple   | Entered the Ecumenical Temple
  2716 | Temple   | Became a worshipper of Yredelemnul the Dark
  2750 | D:4      | Found a transporter.
  2762 | D:4      | Noticed Zeo's ghost (weakling BaHu)
  2859 | D:4      | Found a transporter.
  2859 | D:4      | Identified the +7 halberd "Kilyluub" {venom, Int+4}
  2954 | D:5      | Entered Level 5 of the Dungeon
  2963 | D:5      | Reached skill level 1 in Invocations
  3347 | D:5      | Reached skill level 5 in Dodging
  3505 | D:5      | Found a white marble altar of Elyvilon.
  3545 | D:5      | Reached * piety under Yredelemnul
  3558 | D:5      | Reached ** piety under Yredelemnul
  3559 | D:5      | Reached XP level 8. HP: 19/68 MP: 7/7
  3748 | D:5      | Noticed Pikel
  3807 | D:5      | Found a shimmering blue altar of Sif Muna.
  3809 | D:5      | Found an ornate altar of the Wu Jian Council.
  3844 | D:5      | Killed Pikel
  3991 | D:5      | Noticed Rubinix's ghost (novice MiFi)
  3994 | D:5      | Found a runed translucent door.
  4005 | D:5      | Reached skill level 5 in Throwing
  4287 | D:5      | Slain by Rubinix's ghost

Illustrated notes

Levels and vault maps discovered:
D:1:      lightli_arrival_isolated_outpost, layout_rooms,
          ebering_ecumenical_altar_ruins
D:2:      layout_basic, basic_altar, minmay_indecisive_spiral
D:3:      layout_loops_cross, lightli_temple_of_fire, grunt_ministairs_6,
          uniq_pargi, uniq_sigmund
D:4:      layout_rooms, xom_teletrap_fun, minmay_temple_entry_statues_fountains,
          gammafunk_ghost_gnarly_gnolls
D:5:      layout_loops_ring, grunt_temple_overflow_open,
          hellmonk_ghost_happy_afterlife, uniq_pikel
Temple:   bh_familiar_temple

Skill      XL: |  1  2  3  4  5  6  7  8 |
---------------+-------------------------+-----
Dodging        | 1 2 3 4 5 |  5.0
Long Blades    | 3 4 5 |  5.0
Fighting       | 4 5 6 |  6.0
Armour         | 4 5 6 |  6.0
Shields        | 4 5 |  5.0
Evocations     | 1 2 3 |  3.0
Throwing       | 1 2 5 |  5.3
Invocations    | 1 |  1.0

Action                     |  1- 3 |  4- 6 |  7- 9 || total
---------------------------+-------+-------+-------++-------
  Melee: Long sword        |   109 |   106 |   145 ||   360
         Headbutt          |    11 |    22 |    29 ||    62
  Throw: Dart              |       |       |     2 ||     2
 Invoke: Recall Undead Har |       |       |     2 ||     2
  Evoke: Wand              |       |     1 |     1 ||     2
    Use: Scroll            |     2 |     6 |     1 ||     9
         Potion            |       |       |     2 ||     2
 Armour: Scale mail        |    87 |     5 |       ||    92
         Plate armour      |       |    93 |   106 ||   199
  Dodge: Dodged            |    74 |    33 |    45 ||   152
  Block: Buckler           |    46 |    32 |    34 ||   112
